 Dungeon Crawl Stone Soup version 0.18.1-50-g88ac8fd (webtiles) character file.

172069 Laphicet the Unseen (level 17, -2/126 HPs)
             Began as a Vampire Earth Elementalist on Sept 15, 2016.
             Was a Priest of Cheibriados.
             Slain by a tentacle (8 damage)
             ... attached to a kraken
             ... on level 2 of the Shoals.
             The game lasted 02:44:40 (43129 turns).

Laphicet the Unseen (Vampire Earth Elementalist)   Turns: 43129, Time: 02:44:41

Health: -2/126     AC: 25    Str: 19    XL:     17   Next: 40%
Magic:  2/30       EV: 12    Int: 27    God:    Cheibriados [***...]
Gold:   506        SH:  0    Dex: 24    Spells: 10 memorised, 6 levels left

rFire  . . .     SeeInvis +     f - +5 great sword (flame)
rCold  + . .     Gourm    .     w - +7 chain mail "Joba" {rPois MR+ rCorr}
rNeg   . . .     Faith    +     (shield currently unavailable)
rPois  +         Spirit   .     h - +2 helmet
rElec  .         Dismiss  .     u - +0 cloak {rPois}
rCorr  +         Reflect  .     z - +0 pair of gloves
SustAt .         Harm     .     x - +1 pair of boots
MR     ++...                    i - amulet of faith
Stlth  ++++......               o - ring of wizardry
                                T - ring of protection from cold

@: lethally poisoned (-2 -> -2), very slightly contaminated, regenerating
quickly, very slow, very resistant to hostile enchantments, stealthy
A: fangs 3, talons 1, see invisible, unbreathing
a: Bend Time, Temporal Distortion, Renounce Religion


You were on level 2 of the Shoals.
You worshipped Cheibriados.
Cheibriados was most pleased with you.
You were very full.

You visited 7 branches of the dungeon, and saw 32 of its levels.
You also visited: Ossuary and Ice Cave.

You collected 3158 gold pieces.
You spent 2652 gold pieces at shops.

Inventory:

Hand Weapons
 f - a +5 great sword of flaming (weapon)
 K - the +5 falchion "Juhuk" {flame, rF- rC++ Stlth+}
   (You took it off a centaur on level 11 of the Dungeon)

   It has been specially enchanted to burn those struck by it, causing extra
   injury to most foes and up to half again as much damage against particularly
   susceptible opponents.
   Big, fiery blades are also staple armaments of hydra-hunters.
   It makes you vulnerable to fire.
   It greatly protects you from cold.
   It makes you more stealthy.
 P - the +4 dagger "Morg" {pain, MR+ Int+5}
   (You bought it in a shop on level 2 of the Orcish Mines)

   In the hands of one skilled in necromantic magic, it inflicts extra damage on
   living creatures.
   It affects your intelligence (+5).
   It affects your resistance to hostile enchantments.
Missiles
 b - 341 stones (quivered)
Armour
 h - a +2 helmet (worn)
 u - a +0 cloak of poison resistance (worn)
 w - the +7 chain mail "Joba" (worn) {rPois MR+ rCorr}
   (You found it on level 5 of the Dungeon)

   It protects you from poison.
   It affects your resistance to hostile enchantments.
   It protects you from acid and corrosion.
 x - a +1 pair of boots (worn)
 z - a +0 pair of gloves (worn)
Rods
 V - a +1 rod of inaccuracy (12/12)
   (You found it on level 8 of the Lair of Beasts)
Jewellery
 i - an amulet of faith (around neck)
 l - an uncursed ring of positive energy
 o - a ring of wizardry (right hand)
 v - an uncursed ring of fire
 J - an uncursed ring of poison resistance
 T - a ring of protection from cold (left hand)
Wands
 c - a wand of teleportation (5/9)
 m - a wand of iceblast (11/15)
 y - a wand of polymorph (13/24)
 E - a wand of paralysis (1/24)
 O - a wand of lightning (5/15)
 U - a wand of lightning (8/15)
 W - a wand of digging (6/24)
 Y - a wand of heal wounds (1/9)
 Z - a wand of lightning (0/15)
Scrolls
 a - 2 scrolls of fog
 e - 4 scrolls of magic mapping
 j - 20 scrolls of remove curse
 n - 11 scrolls of amnesia
 p - a scroll of recharging
 r - 7 scrolls of immolation
 s - 2 scrolls of silence
 t - 2 scrolls of identify
 A - 3 scrolls of teleportation
 I - a scroll of blinking
 N - 3 scrolls of fear
Potions
 d - 3 potions of invisibility
 k - a potion of ambrosia
 B - 3 potions of might
 C - 4 potions of lignification
 D - 3 potions of cancellation
 F - 7 potions of curing
 G - 4 potions of brilliance
 L - 2 potions of flight
 M - 3 potions of cure mutation {!q}
 S - 14 potions of blood
 X - 3 potions of resistance
Books
 Q - a book of Enchantments

   Spells                             Type                      Level
   a - Cause Fear                     Hexes                        4
   b - Yara's Violent Unravelling     Hexes/Transmutation          5
   c - Silence                        Hexes/Air                    5
   d - Deflect Missiles               Charms/Air                   6
   e - Haste                          Charms                       6
   f - Discord                        Hexes                        8
Miscellaneous
 q - a phantom mirror


   Skills:
 + Level 9.6 Fighting
 - Level 9.8(13.6) Short Blades
 + Level 14.1(15.0) Long Blades
 + Level 7.0 Armour
 + Level 11.5 Dodging
 - Level 15.0 Stealth
 + Level 9.4 Spellcasting
 - Level 2.0 Conjurations
 - Level 1.1 Transmutations
 + Level 2.0 Fire Magic
 - Level 9.9 Earth Magic
 * Level 10.7 Invocations
 + Level 7.7 Evocations


You had 6 spell levels left.
You knew the following spells:

 Your Spells              Type           Power        Failure   Level  Hunger
a - Stone Arrow           Conj/Erth      #####.       6%          3    None
b - Sandblast             Erth           ######       1%          1    None
l - Lee's Rapid Deconstr  Erth           ######....   9%          5    ####...
m - Mephitic Cloud        Conj/Pois/Air  ###.....     54%         3    None
o - Bolt of Magma         Conj/Fire/Erth #####.....   80%         5    ####...
p - Petrify               Trmt/Erth      #####...     24%         4    None
A - Apportation           Tloc           ##........   22%         1    None
B - Blink                 Tloc           N/A          41%         2    None
C - Cure Poison           Pois           ##........   41%         2    None
P - Passwall              Trmt/Erth      #####.....   4%          2    None


Dungeon Overview and Level Annotations

Branches:
Dungeon (15/15)            Temple (1/1) D:4            Lair (8/8) D:11
 Shoals (3/4) Lair:3       Spider (2/4) Lair:5        Slime (0/6) Lair:8
    Orc (2/2) D:11            Elf (0/3) Orc:2        Vaults (0/5) D:13
 Depths (1/5) D:15

Altars:
Ashenzari
Cheibriados
Dithmenos
Elyvilon
Fedhas
Gozag
Kikubaaqudgha
Makhleb
Nemelex Xobeh
Okawaru
Pakellas
Qazlal
Ru
Sif Muna
Trog
Vehumet
Xom
Yredelemnul
Zin
The Shining One
Beogh
Jiyva

Shops:
D:5 *   D:8 *   D:11 [   D:12 ?*   D:13 ::   Orc:2 *(}}


Innate Abilities, Weirdness & Mutations

Your natural rate of healing is unusually fast.
You have razor-sharp teeth.
You have supernaturally acute eyesight.
You can survive without breathing.
You have sharp toenails.


Message History

The merfolk impaler hits you from afar with a demon trident of venom!
* * * LOW HITPOINT WARNING * * *
4 tentacles come into view.
Evoke which item? (* to show all) (? for menu, Esc to quit)
Zapping:
E - a wand of paralysis (2/24)
Press: ? - help, Shift-Dir - straight line, f/p - merfolk impaler
Aim: a merfolk impaler, wielding a demon trident of venom and wearing a glowing robe (heavily wounded, chance to defeat MR: 45%)
The merfolk impaler suddenly stops moving!
This wand has 1 charge left.
Read which item? (? for menu, Esc to quit)
Blink to where?
Press: ? - help, Dir - move target cursor, p - merfolk impaler
As you read the scroll of blinking, it crumbles to dust.
You feel sick.
A tentacle segment bursts forth from the water.
The tentacle completely misses you. The tentacle slaps you!
* * * LOW HITPOINT WARNING * * *
The tentacle slaps you!
You die...

≈≈≈
≈≈≈≈≈≈≈≈≈≈≈≈≈≈≈≈≈≈≈
≈≈≈
≈≈≈..≈≈X≈≈≈≈≈≈≈≈≈≈≈
≈≈≈
≈≈..$.≈≈≈≈≈≈≈≈≈≈≈≈≈
≈≈≈
≈...≈..*.≈w≈≈≈≈≈≈≈≈
≈≈≈
........\.≈≈≈≈≈≈≈≈≈
≈≈≈
..###....\│.≈≈≈≈≈≈≈
≈≈
..##(..†.m>│≈≈≈≈≈≈≈
.......)w─.│.≈≈≈≈≈≈
.......@.##│..≈≈≈≈≈
≈.....#.w──.≈≈≈≈≈≈≈
≈...........≈≈≈≈≈≈≈
≈≈.........≈≈≈≈≈≈≈≈
≈≈≈≈≈.....≈≈≈≈≈≈≈≈≈
≈≈≈≈≈.≈≈≈≈≈≈≈≈≈≈≈≈≈
≈≈≈≈≈≈≈≈≈≈≈≈≈≈≈≈
≈≈≈≈≈≈≈≈≈≈≈≈≈≈≈≈
≈≈≈≈≈≈≈≈≈≈≈≈≈≈≈


You could see a kraken, a merfolk impaler (paralysed) and 3 tentacles.

Vanquished Creatures
  Mara (Shoals:3)
  Frances (D:13)
  Kirke (Shoals:3)
  Roxanne (D:14)
  A fire giant (D:15)
  A ghost moth (Spider:2)
  A stone giant (Orc:2)
  The ghost of appiemonkey the Warrior, a journeyman MiFi of the Shining One (D:14)
  Snorg (D:11)
  4 vault guards (D:13)
  A merfolk impaler (Shoals:2)
  2 fire dragons
  A rakshasa (D:14)
  8 hydras
  A great orb of eyes (Lair:4)
  Fannar (Orc:1)
  An entropy weaver (Spider:1)
  2 merfolk avatars (Shoals:1)
  Erolcha (D:9)
  Erica (D:9)
  3 catoblepae (Lair:8)
  A centaur warrior (D:15)
  A satyr (Shoals:3)
  A death knight (D:14)
  2 ogre magi (Orc:2)
  8 death yaks (Lair:8)
  A queen ant (Spider:1)
  A tengu warrior (D:14)
  A skeletal warrior (D:14)
  A fire crab (Lair:7)
  6 sea snakes
  Pikel (D:4)
  2 deep trolls (Orc:2)
  2 phantasmal warriors (D:14)
  9 hill giants
  A necromancer (IceCv)
  3 orc knights
  9 orb spiders
  11 wolf spiders
  8 harpies
  An orc sorcerer (Orc:2)
  8 manticores
  An oklob plant (Lair:6)
  A deep elf mage (D:11)
  A wizard (D:15)
  6 cyclopes
  9 griffons
  21 ugly things
  12 fauns
  Joseph (D:8)
  7 elephants
  A moth of wrath (Spider:2)
  4 black mambas
  5 water nymphs
  3 sirens
  Maurice (Orc:2)
  2 ice statues (IceCv)
  5 gargoyles
  13 spiny frogs
  A spiny frog (shapeshifter) (D:14)
  A yaktaur (D:15)
  2 rime drakes
  5 demonic crawlers (Spider:2)
  2 efreet (D:15)
  A freezing wraith (D:14)
  7 komodo dragons
  5 ice devils (IceCv)
  A queen bee (D:11)
  21 merfolk
  3 polar bears
  16 jumping spiders
  10 trolls
  2 wind drakes (Shoals:2)
  A slime creature (D:13)
  40 blink frogs
  9 two-headed ogres
  3 boulder beetles
  10 snapping turtles
  2 wraiths
  A shadow (D:11)
  8 tarantellas
  2 water elementals (Shoals:2)
  18 redbacks
  4 wyverns
  A human (shapeshifter) (D:14)
  Eustachio (D:6)
  3 hogs (Shoals:3)
  5 basilisks
  24 yaks
  10 hippogriffs
  A hungry ghost (D:14)
  4 wargs
  Menkaure (D:5)
  6 vampire mosquitoes
  Grum (D:8)
  A mottled dragon (D:14)
  16 soldier ants
  19 water moccasins
  11 porcupines
  A swamp drake (D:11)
  3 black bears
  An ice beast (D:5)
  8 sky beasts
  20 orc warriors
  6 necrophages
  28 ogres
  4 phantoms
  15 wolves
  5 centaurs
  10 crocodiles
  3 big kobolds
  17 giant frogs
  A wyvern zombie (D:13)
  7 scorpions
  54 killer bees
  5 wights
  7 howler monkeys
  13 crimson imps
  A quasit (D:10)
  8 jellies
  3 draconian simulacra (IceCv)
  15 hounds
  3 giant frog zombies
  12 centaur zombies
  2 giant frog skeletons (D:4)
  A gnoll shaman (Orc:2)
  22 orc priests
  8 centaur skeletons
  Crazy Yiuf (D:2)
  Ijyb (D:2)
  Natasha (twice) (D:2)
  11 iguanas
  A spriggan simulacrum (IceCv)
  25 orc wizards
  27 worker ants
  22 sheep
  4 big kobold zombies (Ossuary)
  A centaur simulacrum (IceCv)
  A hound zombie (D:5)
  2 hound skeletons
  6 mummies
  A worker ant zombie (D:5)
  5 gnolls
  3 ogre simulacra (IceCv)
  64 river rats
  2 scorpion zombies (Ossuary)
  18 adders
  2 naga simulacra (IceCv)
  5 shadow imps
  12 white imps (Lair:5)
  5 oozes (D:10)
  2 adder skeletons
  An adder zombie (D:6)
  6 worms
  2 dart slugs (D:1)
  6 giant geckos
  97 orcs
  2 ball pythons
  2 giant cockroaches (D:4)
  2 gnoll zombies (Ossuary)
  10 goblins
  7 hobgoblins
  7 jackals
  3 quokkas
  5 bats
  4 giant newts
  A hobgoblin zombie (D:6)
  A jackal zombie (D:5)
  11 kobolds
  3 kobold zombies
  3 orc zombies (Ossuary)
  A quokka skeleton (D:4)
  2 quokka zombies
  6 rats
  A bush (Lair:6)
  2 fungi (Lair:8)
1176 creatures vanquished.

Vanquished Creatures (others)
  The ghost of Thomus the Eclecticist, a journeyman DECj of Vehumet (Lair:6)
  3 slaves (D:5)
  3 scorpions (Ossuary)
  A hound (D:5)
  A gnoll shaman (D:5)
  An orc wizard (D:5)
  3 orcs
  A goblin (D:1)
  A kobold zombie (Ossuary)
  24 fungi
  29 plants
  A tentacle (Shoals:2)
  128 tentacle segments (Shoals:2)
197 creatures vanquished.

Grand Total: 1373 creatures vanquished

Notes
Turn   | Place    | Note
--------------------------------------------------------------
     0 | D:1      | Laphicet the Vampire Earth Elementalist began the quest for the Orb.
     0 | D:1      | Reached XP level 1. HP: 13/13 MP: 3/3
   185 | D:1      | Reached XP level 2. HP: 20/20 MP: 3/5
   970 | D:1      | HP: 1/20 [something (19)]
  1463 | D:2      | Reached XP level 3. HP: 22/25 MP: 6/6
  1619 | D:2      | Reached skill level 1 in Fighting
  1961 | D:2      | Reached skill level 4 in Stealth
  2014 | D:2      | Noticed Natasha
  2015 | D:2      | Killed Natasha
  2015 | D:2      | Reached XP level 4. HP: 32/32 MP: 7/7
  2016 | D:2      | Noticed Crazy Yiuf
  2021 | D:2      | Killed Crazy Yiuf
  2021 | D:2      | Reached skill level 1 in Short Blades
  2100 | D:2      | Noticed Natasha
  2105 | D:2      | Killed Natasha
  2155 | D:2      | Noticed Ijyb
  2267 | D:2      | Killed Ijyb
  2267 | D:2      | Reached XP level 5. HP: 34/38 MP: 1/9
  2592 | D:2      | Learned a level 3 spell: Stone Arrow
  2595 | D:2      | Learned a level 2 spell: Passwall
  2725 | D:3      | Reached skill level 5 in Stealth
  3382 | D:4      | Noticed an ogre
  3395 | D:4      | Reached XP level 6. HP: 44/44 MP: 7/10
  3809 | D:4      | HP: 1/46 [giant frog skeleton (6)]
  3955 | D:4      | Found a shattered altar of Ashenzari.
  4119 | D:4      | Reached skill level 6 in Stealth
  4119 | D:4      | Reached XP level 7. HP: 11/51 MP: 1/11
  4263 | D:4      | Found a glowing silver altar of Zin.
  4476 | D:4      | Found a staircase to the Ecumenical Temple.
  4511 | Temple   | Entered the Ecumenical Temple
  4876 | D:4      | Found a stormy altar of Qazlal.
  4893 | D:5      | Entered Level 5 of the Dungeon
  4893 | D:5      | Noticed Menkaure
  4908 | D:5      | Killed Menkaure
  5213 | D:5      | Reached XP level 8. HP: 56/58 MP: 13/13
  5238 | D:5      | Found Feamyil's Elemental Accessories.
  5341 | D:5      | Reached skill level 7 in Stealth
  5341 | D:5      | Reached skill level 5 in Earth Magic
  5379 | D:5      | Got a jet-encrusted chain mail
  5424 | D:5      | Identified the +7 chain mail "Joba" {rPois MR+ rCorr} (You found it on level 5 of the Dungeon)
  5552 | Temple   | Became a worshipper of Cheibriados the Contemplative
  5760 | D:5      | Noticed Pikel
  5783 | D:4      | Killed Pikel
  5783 | D:4      | Reached skill level 5 in Dodging
  5783 | D:4      | Reached skill level 8 in Stealth
  6044 | D:5      | Reached XP level 9. HP: 36/66 MP: 14/16
  6393 | D:5      | Reached * piety under Cheibriados
  6587 | D:5      | Found a white marble altar of Elyvilon.
  6695 | D:5      | Found an iron altar of Okawaru.
  6805 | D:6      | Found a sand-covered staircase.
  6932 | Ossuary  | Entered an ossuary
  6971 | Ossuary  | Learned a level 4 spell: Petrify
  6977 | Ossuary  | Learned a level 5 spell: Lee's Rapid Deconstruction
  7717 | Ossuary  | Reached skill level 5 in Spellcasting
  7784 | Ossuary  | Reached skill level 5 in Short Blades
  7853 | Ossuary  | Reached ** piety under Cheibriados
  7853 | Ossuary  | Reached skill level 9 in Stealth
  8185 | D:6      | Noticed Eustachio
  8187 | D:6      | Killed Eustachio
  8187 | D:6      | Reached skill level 5 in Fighting
  8494 | D:6      | Gained mutation: You are dopey. (Int -2) [potion of mutation]
  8494 | D:6      | Gained mutation: You have sharp toenails. [potion of mutation]
  8494 | D:6      | Lost mutation: You are dopey. (Int -2) [potion of mutation]
  8504 | D:6      | Reached *** piety under Cheibriados
  9318 | D:6      | Found a sacrificial altar of Ru.
  9428 | D:7      | Reached XP level 10. HP: 69/74 MP: 18/18
  9521 | D:7      | Reached **** piety under Cheibriados
  9534 | D:7      | Reached skill level 10 in Stealth
  9540 | D:7      | Reached skill level 1 in Invocations
  9644 | D:7      | Reached skill level 1 in Armour
 10143 | D:8      | Found Noji's Assorted Antiques.
 10151 | D:8      | Bought a scroll labeled CUNIYM NUEMITH for 26 gold pieces
 10452 | D:8      | Reached ***** piety under Cheibriados
 10571 | D:8      | Reached skill level 1 in Evocations
 10661 | D:8      | Noticed Joseph
 10711 | D:8      | Killed Joseph
 10925 | D:9      | Noticed Grum
 10927 | D:9      | Noticed Erica
 11102 | D:8      | Killed Grum
 11340 | D:9      | Killed Erica
 11948 | D:9      | Noticed Erolcha
 11950 | D:9      | Killed Erolcha
 11950 | D:9      | Reached XP level 11. HP: 81/81 MP: 20/20
 12270 | D:10     | Entered Level 10 of the Dungeon
 12406 | D:10     | Noticed a hill giant
 12431 | D:10     | Killed a hill giant
 12760 | D:10     | Reached ****** piety under Cheibriados
 13124 | D:10     | Learned a level 2 spell: Blink
 13126 | D:10     | Learned a level 1 spell: Apportation
 13224 | D:10     | Noticed Sonja
 13229 | D:10     | Noticed Sonja
 13229 | D:10     | Sonja changed into Sonja the crocodile
 13234 | D:10     | Killed Sonja the crocodile
 13738 | D:11     | Reached skill level 11 in Stealth
 13908 | D:11     | Found a staircase to the Lair.
 14008 | Lair:1   | Entered Level 1 of the Lair of Beasts
 14198 | Lair:1   | Noticed a four-headed hydra
 14204 | Lair:1   | Noticed a five-headed hydra
 14208 | Lair:1   | Killed a four-headed hydra
 14218 | Lair:1   | Killed a five-headed hydra
 14632 | Lair:1   | Reached skill level 5 in Invocations
 14894 | Lair:1   | Noticed a fire dragon
 14911 | Lair:1   | Killed a fire dragon
 14955 | Lair:1   | Got a polished ring mail
 14956 | Lair:1   | Identified the +4 ring mail of Duck's Teeth {rC+ Str+6} (You found it on level 1 of the Lair of Beasts)
 15457 | Lair:2   | Reached XP level 12. HP: 81/89 MP: 15/22
 16625 | Lair:3   | Reached skill level 12 in Stealth
 16771 | Lair:3   | Noticed a death yak
 16771 | Lair:3   | Noticed a death yak
 16772 | Lair:3   | Noticed a death yak
 16773 | Lair:3   | Noticed a death yak
 16948 | Lair:3   | Noticed a death yak
 17182 | Lair:3   | Found a staircase to the Shoals.
 17182 | Lair:3   | Noticed Nergalle
 17199 | Lair:3   | Noticed Nergalle
 17199 | Lair:3   | Nergalle changed into Nergalle the sea snake
 17206 | Lair:3   | Killed Nergalle the sea snake
 17345 | Lair:3   | Noticed a six-headed hydra
 17350 | Lair:3   | Killed a six-headed hydra
 18466 | Lair:4   | Noticed Maud
 18469 | Lair:4   | Noticed Maud
 18469 | Lair:4   | Maud changed into Maud the great orb of eyes
 18490 | Lair:4   | Killed Maud the great orb of eyes
 18930 | Lair:5   | Reached XP level 13. HP: 67/96 MP: 19/24
 18961 | Lair:5   | Found a frozen archway.
 19005 | IceCv    | Entered an ice cave
 19412 | IceCv    | Got a warped flail
 19413 | IceCv    | Identified the +2 flail of Qaqaff {elec, Dex+2} (You found it in an ice cave)
 19961 | Lair:5   | Reached skill level 5 in Evocations
 19974 | Lair:5   | Got a brightly glowing scythe
 19994 | Lair:5   | Identified the cursed +1 scythe of Destruction {freeze, Int+4 Dex+2} (You found it on level 5 of the Lair of Beasts)
 20331 | Lair:5   | Found a hole to the Spider Nest.
 21101 | Lair:6   | Noticed Thomus's ghost (journeyman DECj)
 21144 | Lair:6   | Killed Thomus's ghost
 22343 | Lair:6   | Reached skill level 5 in Armour
 22452 | Lair:6   | Learned a level 3 spell: Mephitic Cloud
 22808 | Lair:7   | Reached skill level 13 in Stealth
 23948 | Lair:8   | Entered Level 8 of the Lair of Beasts
 24030 | Lair:8   | Found a viscous altar of Jiyva.
 24030 | Lair:8   | Found a staircase to the Slime Pits.
 24362 | Lair:8   | Reached skill level 10 in Dodging
 25041 | Lair:8   | Reached XP level 14. HP: 93/105 MP: 26/26
 26682 | Lair:8   | Got a brightly glowing halberd
 26683 | Lair:8   | Identified the cursed +0 halberd "Siem Zoa" {freeze, Str+2 Dex+3} (You found it on level 8 of the Lair of Beasts)
 26687 | Lair:8   | Identified a +1 rod of inaccuracy (12/12) (You found it on level 8 of the Lair of Beasts)
 27228 | Lair:1   | Learned a level 2 spell: Cure Poison
 27571 | D:11     | Noticed Snorg
 27737 | D:11     | Killed Snorg
 28018 | D:11     | Reached skill level 14 in Stealth
 28139 | D:11     | Got an uncursed iridescent falchion {flame}
 28140 | D:11     | Identified the +5 falchion "Juhuk" {flame, rF- rC++ Stlth+} (You took it off a centaur on level 11 of the Dungeon)
 28247 | D:11     | Reached skill level 1 in Long Blades
 28414 | D:11     | Found Zejaeh's Armour Shop.
 28641 | D:11     | Found a staircase to the Orcish Mines.
 28676 | Orc:1    | Entered Level 1 of the Orcish Mines
 28725 | Orc:1    | Noticed Fannar
 28746 | Orc:1    | Killed Fannar
 29262 | Orc:2    | Entered Level 2 of the Orcish Mines
 29876 | Orc:2    | Noticed Maurice
 29887 | Orc:2    | Killed Maurice
 29908 | Orc:2    | Found Mughuno's General Store.
 29910 | Orc:2    | Reached skill level 5 in Long Blades
 29911 | Orc:2    | Reached XP level 15. HP: 56/112 MP: 12/27
 30250 | Orc:2    | Found Fub Pioh's Antique Weapon Shop.
 30266 | Orc:2    | Bought a potion of resistance for 110 gold pieces
 30268 | Orc:2    | Found Raruts's Gadget Emporium.
 30269 | Orc:2    | Found Nyazun's Gadget Shoppe.
 30419 | Orc:2    | Bought the +4 dagger "Morg" {pain, MR+ Int+5} for 1539 gold pieces
 30625 | Orc:2    | Found a staircase to the Elven Halls.
 30799 | Orc:2    | Found a roughly hewn altar of Beogh.
 31118 | D:5      | Bought the Collected Works on the Mountains for 571 gold pieces
 31379 | Orc:2    | Bought a wand of teleportation (2/9) for 324 gold pieces
 31386 | Orc:2    | Learned a level 5 spell: Bolt of Magma
 31655 | D:12     | Found Uratwuic's Pet Rocks.
 32230 | D:12     | Found Leygg's Magic Scroll Shoppe.
 32235 | D:12     | Bought a scroll of blinking for 82 gold pieces
 32508 | D:13     | Found Weanga's Book Boutique.
 32622 | D:13     | Found Riphar's Book Emporium.
 32661 | D:13     | Found a gate to the Vaults.
 32710 | D:13     | Reached skill level 10 in Long Blades
 33281 | D:13     | Noticed Frances
 33299 | D:13     | Killed Frances
 33748 | D:14     | Found a radiant altar of Vehumet.
 33776 | D:14     | Noticed Roxanne
 33782 | D:14     | Noticed appiemonkey's ghost (journeyman MiFi)
 33782 | D:14     | Killed Roxanne
 33818 | D:14     | Killed appiemonkey's ghost
 35500 | D:14     | Reached XP level 16. HP: 71/118 MP: 23/28
 35680 | D:15     | Entered Level 15 of the Dungeon
 36100 | D:15     | Found a staircase to the Depths.
 36188 | D:15     | Got a crystal trident {flame}
 36189 | D:15     | Identified the +5 trident "Sodun" {flame, +Fly rElec Str-5 Stlth+} (You took it off an efreet on level 15 of the Dungeon)
 36794 | D:15     | Identified a scroll of acquirement
 36832 | Depths:1 | Entered Level 1 of the Depths
 37158 | Spider:1 | Entered Level 1 of the Spider Nest
 38162 | Spider:1 | Reached skill level 1 in Conjurations
 39268 | Shoals:1 | Entered Level 1 of the Shoals
 39319 | Shoals:1 | Reached skill level 10 in Invocations
 40733 | Shoals:2 | Reached XP level 17. HP: 112/126 MP: 30/30
 40869 | Shoals:2 | Reached skill level 15 in Stealth
 41305 | Shoals:3 | Noticed Kirke
 41309 | Shoals:3 | Noticed Mara
 41317 | Shoals:3 | Killed Kirke
 41321 | Shoals:3 | Noticed Laphicet's illusion
 41336 | Shoals:3 | Reached skill level 1 in Fire Magic
 41563 | Shoals:3 | Noticed Laphicet's illusion
 42523 | Shoals:3 | Noticed Laphicet's illusion
 42783 | Shoals:3 | Killed Mara
 43126 | Shoals:2 | Noticed a kraken
 43129 | Shoals:2 | HP: 6/126 [tentacle[a kraken] (12)]
 43129 | Shoals:2 | Slain by a tentacle

Skill      XL: |  1  2  3  4  5  6  7  8  9 10 11 12 13 14 15 16 17 |
---------------+----------------------------------------------------+-----
Fighting       | 1 2 3 4 5 6 7 8 9 |  9.6
Stealth        | 4 5 6 8 9 10 11 12 13 14 15 | 15.0
Short Blades   | 1 2 3 4 5 6 7 8 9 |  9.8
Dodging        | 3 4 5 6 7 8 10 11 | 11.5
Earth Magic    | 4 5 6 7 8 9 |  9.9
Spellcasting   | 3 4 5 6 7 8 9 |  9.4
Invocations    | 3 5 6 8 9 10 | 10.7
Armour         | 2 3 4 5 6 7 |  7.0
Evocations     | 2 3 4 5 6 7 |  7.7
Long Blades    | 6 12 13 14 | 14.1
Conjurations   | 2 |  2.0
Fire Magic     | 2 |  2.0
Transmutations | |  1.1

Action                   |  1- 3 |  4- 6 |  7- 9 | 10-12 | 13-15 | 16-18 || total
-------------------------+-------+-------+-------+-------+-------+-------++-------
Melee: Unarmed           |    53 |       |       |       |       |       ||    53
       Short sword       |    19 |       |       |       |       |       ||    19
       Bite              |     6 |    22 |   103 |   234 |   648 |   147 ||  1160
       Dagger            |    18 |   276 |   654 |   987 |  1508 |       ||  3443
       Kick              |       |       |    68 |   630 |   866 |       ||  1564
       Whip              |       |       |       |    13 |    10 |       ||    23
       Falchion          |       |       |       |       |   855 |   135 ||   990
       Great sword       |       |       |       |       |       |   490 ||   490
 Cast: Sandblast         |    19 |    30 |    27 |   165 |   142 |   116 ||   499
       Stone Arrow       |       |     3 |    12 |     8 |   136 |    59 ||   218
       Lee's Rapid Decon |       |       |     9 |       |    10 |     1 ||    20
       Petrify           |       |       |     1 |       |     3 |     2 ||     6
       Blink             |       |       |       |     3 |     4 |     7 ||    14
       Apportation       |       |       |       |       |     1 |       ||     1
Invok: Bend Time         |       |       |     2 |    12 |    24 |     2 ||    40
       Slouch            |       |       |       |     5 |    18 |    20 ||    43
       Temporal Distorti |       |       |       |     1 |     1 |     4 ||     6
       Step From Time    |       |       |       |       |       |     1 ||     1
Evoke: Wand              |       |       |       |    11 |     5 |    31 ||    47
  Use: Potion            |     6 |    21 |    33 |    33 |    70 |    39 ||   202
       Scroll            |       |    11 |     8 |    12 |    19 |    15 ||    65
 Stab: Sleeping          |     7 |     8 |     6 |    24 |    55 |    11 ||   111
       Distracted        |     1 |       |       |     6 |     4 |     3 ||    14
       Invisible         |       |       |       |     1 |       |       ||     1
       Petrified         |       |       |       |       |     2 |       ||     2
       Confused          |       |       |       |       |     2 |       ||     2
Armor: Robe              |    17 |    69 |    78 |       |       |       ||   164
       Chain mail        |       |       |   145 |   679 |   702 |   455 ||  1981
       Skin              |       |       |     2 |       |       |       ||     2
Dodge: Dodged            |    69 |   183 |   331 |  1058 |  1675 |   900 ||  4216
